 Dungeon Crawl Stone Soup version 0.22-a0-525-gf69a080 (webtiles) character file.

420 inc the Cudgeler (level 6, -2/52 HPs)
             Began as a Naga Warper on June 20, 2018.
             Was a Follower of Wu Jian.
             Slain by an ogre
             ... wielding a +0 giant club
              (25 damage)
             ... on level 4 of the Dungeon.
             The game lasted 00:08:59 (4145 turns).

inc the Cudgeler (Naga Warper)                      Turns: 4145, Time: 00:09:00

Health: -2/52      AC:  4    Str: 14    XL:     6   Next: 94%
Magic:  9/9        EV:  9    Int: 15    God:    Wu Jian [*.....]
Gold:   123        SH:  0    Dex: 10    Spells: 1/9 levels left

rFire    . . .     SeeInvis +   w - +0 flail
rCold    . . .     Gourm    .   (no shield)
rNeg     . . .     Faith    .   b - +0 leather armour
rPois    +         Spirit   .   (no helmet)
rElec    .         Reflect  .   (no cloak)
rCorr    .         Harm     .   m - +0 pair of gloves (curse)
MR       .....                  (no barding)
Stlth    ..........             (no amulet)
HPRegen  0.17/turn              o - ring of loudness (curse)
MPRegen  0.11/turn              (no ring)

@: very slow
A: large, see invisible, deformed body, poison resistance, slowness 2, slow
metabolism 1, spit poison 1, AC +2
a: Spit Poison, Renounce Religion


You were on level 4 of the Dungeon.
You worshipped Wu Jian.
Wu Jian was aware of your devotion.
You were hungry.

You visited 1 branch of the dungeon, and saw 4 of its levels.

You collected 123 gold pieces.

Inventory:

Hand Weapons
 a - a +0 mace
 w - a +0 flail (weapon)
Missiles
 e - 5 tomahawks of dispersal (quivered)
Armour
 b - a +0 leather armour (worn)
 m - a cursed +0 pair of gloves (worn)
Jewellery
 o - a cursed ring of loudness (left hand)
Scrolls
 c - a scroll of magic mapping
 d - a scroll of blinking
 h - a scroll of enchant armour {unknown}
 i - a scroll of random uselessness {unknown}
 j - a scroll of amnesia {unknown}
 r - a scroll of fog {unknown}
 s - a scroll of remove curse {unknown}
 u - a scroll of teleportation {unknown}
Potions
 g - a potion of ambrosia {unknown}
 k - a potion of berserk rage {unknown}
 n - a potion of might
 p - a potion of resistance
 q - a potion of agility
 t - a potion of curing
 v - a potion of brilliance {unknown}
 x - a potion of invisibility {unknown}
Comestibles
 f - 4 rations


   Skills:
 - Level 2.0 Fighting
 + Level 6.4 Maces & Flails
 - Level 0.8 Throwing
 - Level 0.7 Armour
 - Level 1.5 Dodging
 - Level 2.0 Spellcasting
 - Level 4.3 Translocations


You had one spell level left.
You knew the following spells:

 Your Spells              Type           Power        Failure   Level  Hunger
a - Blink                 Tloc           N/A          7%          2    ###....
b - Shroud of Golubria    Chrm/Tloc      #.........   17%         2    ###....
c - Swiftness             Chrm/Air       #.......     38%         2    ###....
d - Passwall              Tmut/Erth      #.......     38%         2    ###....

Your spell library contained the following spells:

 Spells                   Type           Power        Failure   Level  Hunger
 Invisibility             Hex            #.......     100%        6    #######
 Teleport Other           Tloc           ##......     14%         3    ###....
 Lee's Rapid Deconstruct  Erth           #.........   100%        5    ######.
 Passage of Golubria      Tloc           N/A          43%         4    #####..
 Darkness                 Hex            #.........   100%        6    #######
 Gell's Gravitas          Tloc           ##........   14%         3    ###....
 Lesser Beckoning         Tloc           ##........   14%         3    ###....


Dungeon Overview and Level Annotations

Branches:
Dungeon (4/15)
 Temple: D:4-7

Altars:
Kikubaaqudgha
Wu Jian


Innate Abilities, Weirdness & Mutations

You cannot wear boots.
Your serpentine skin is tough. (AC +2)
You have supernaturally acute eyesight. (SInv)
Armour fits poorly on your strangely shaped body.
Your system is resistant to poisons. (rPois)
You cover ground very slowly.
You have a slow metabolism.
You can spit poison.


Message History

The quokka is lightly wounded.
You feel slightly more hungry. The quokka bites you.
You sock the quokka!
You kill the quokka!
The Council accepts your kill.
A leopard gecko comes into view.
You have got your breath back.
The leopard gecko hisses angrily.
Found a ration.
The ogre shouts!
The leopard gecko closely misses you.
Found 13 gold pieces.
You spin and attack the leopard gecko repeatedly.
You sock the leopard gecko!
You kill the leopard gecko!
The Council accepts your kill. The ogre hits you with a giant club!!
You spin and attack the ogre.
You barely miss the ogre. The ogre hits you with a giant club!!
You die...

#...# #...# #...# *#########
##...# *.$......# #.[..# ##
*........# #..### #.
########........# ##.## ####.
.......#.......†######..#####....
.......#........@.............##.
...............O######.########<.
................# ##.# #..
.......#..%.....# ##<.# ##..
.......#####.#.## ##†.## ##...
.......## #.#.**##...# ####....
........####.#...#..#.####.>.†..#
#######...##.###.........l.....##
.#****###......###.##.W....###<#*


You could see an ogre (pinned).

Vanquished Creatures
  A bullfrog (D:3)
  3 orc wizards
  An orc priest (D:4)
  3 worker ants (D:4)
  4 gnolls (D:3)
  7 adders
  2 worms
  2 dart slugs (D:1)
  2 leopard geckos
  4 orcs
  7 bats
  2 giant cockroaches
  7 goblins
  A hobgoblin (D:2)
  3 jackals (D:2)
  2 quokkas (D:4)
  5 frilled lizards
  5 kobolds
  3 rats
64 creatures vanquished.

Notes
Turn   | Place    | Note
-------+----------+-------------------------------------------
     0 | D:1      | inc the Naga Warper began the quest for the Orb.
     0 | D:1      | Reached XP level 1. HP: 19/19 MP: 3/3
   306 | D:1      | Reached XP level 2. HP: 23/26 MP: 5/5
   502 | D:1      | Reached skill level 3 in Maces & Flails
   517 | D:1      | Learned a level 2 spell: Blink
   520 | D:1      | Learned a level 2 spell: Shroud of Golubria
  1022 | D:2      | Reached XP level 3. HP: 22/32 MP: 3/6
  1403 | D:2      | Reached skill level 4 in Maces & Flails
  1439 | D:2      | Reached XP level 4. HP: 22/39 MP: 7/7
  2360 | D:3      | Reached skill level 5 in Maces & Flails
  2360 | D:3      | Reached XP level 5. HP: 11/45 MP: 8/8
  2713 | D:3      | Found an ornate altar of the Wu Jian Council.
  2729 | D:3      | Became a worshipper of the Wu Jian Council
  3081 | D:3      | Reached XP level 6. HP: 25/52 MP: 9/9
  3248 | D:3      | Learned a level 2 spell: Swiftness
  3251 | D:3      | Learned a level 2 spell: Passwall
  3252 | D:3      | Found an ancient bone altar of Kikubaaqudgha.
  3646 | D:4      | Reached skill level 6 in Maces & Flails
  3972 | D:4      | Noticed a phantom
  4120 | D:4      | Reached * piety under Wu Jian
  4145 | D:4      | Slain by an ogre

Vault maps used:
D:1:      sevenhm_arrival_forest_fort_small_4, minmay_misc_feat_four_crosses
D:2:      minmay_wonky_spiral, st_stairs_6
D:3:      lemuel_coloured_pillars_altar, kiku_gazebo_pond_becter, first_ration

Skill      XL: |  1  2  3  4  5  6 |
---------------+-------------------+-----
Maces & Flails | 3 4 5 6 |  6.4
Translocations | 4 |  4.3
Fighting       | |  2.0
Throwing       | |  0.8
Armour         | |  0.7
Dodging        | |  1.5
Spellcasting   | |  2.0

Action                   |  1- 3 |  4- 6 || total
-------------------------+-------+-------++-------
Melee: Mace              |    42 |    62 ||   104
       Flail             |       |    41 ||    41
 Cast: Shroud of Golubri |     4 |     5 ||     9
       Blink             |     1 |     1 ||     2
Invok: Lunge             |       |     3 ||     3
       Whirlwind         |       |     2 ||     2
 Abil: Spit Poison       |    23 |    46 ||    69
  Use: Scroll            |       |     4 ||     4
  Eat: Chunk             |     2 |    10 ||    12
Armor: Leather armour    |    18 |    40 ||    58
Dodge: Dodged            |    34 |    57 ||    91

Table legend:
 A = Spawn XP
 B = Non-spawn XP
 C = Spawn XP percentage of total XP
 D = Spawn monster count
 E = Non-spawn monster count
 F = Spawn count percentage of total count
 G = Total turns spent on level
                    A         B        C        D         E        F      G
               +---------+---------+-------+---------+---------+-------+---------
         Total |       0 |     600 |   0.0 |       0 |      64 |   0.0 |  4145
               +---------+---------+-------+---------+---------+-------+---------
           D:1 |       0 |      28 |   0.0 |       0 |      14 |   0.0 |   951
           D:2 |       0 |      78 |   0.0 |       0 |      17 |   0.0 |  1527
           D:3 |       0 |     268 |   0.0 |       0 |      19 |   0.0 |  1185
           D:4 |       0 |     226 |   0.0 |       0 |      14 |   0.0 |   482
               +---------+---------+-------+---------+---------+-------+---------
